 Dungeon Crawl Stone Soup version 0.24.0-29-g8ce449bc06 (webtiles) character file.

Game seed: 13840414774621114051, levelgen mode: deterministic

71213 Flugslaktarn the Severer (level 14, -12/130 HPs)
             Began as a Minotaur Fighter on Nov 16, 2019.
             Was the Champion of Makhleb.
             Killed from afar by a thorn hunter (16 damage)
             ... with a volley of thorns
             ... on level 4 of the Swamp.
             The game lasted 00:10:46 (14456 turns).

Flugslaktarn the Severer (Minotaur Fighter)        Turns: 14456, Time: 00:10:47

Health: -12/130    AC: 23    Str: 30    XL:     14   Next: 97%
Magic:  30/30      EV: 13    Int: 10    God:    Makhleb [******]
Gold:   1136       SH:  4    Dex: 11    Spells: 13/13 levels left

rFire    . . .     SeeInvis .   B - +7 battleaxe (flame)
rCold    . . .     Gourm    .   (shield currently unavailable)
rNeg     . . .     Faith    .   g - +3 chain mail {rPois}
rPois    +         Spirit   .   i - +2 hat {Int+3}
rElec    .         Reflect  +   (no cloak)
rCorr    .         Harm     .   y - +2 pair of gloves
MR       +....                  O - +0 pair of boots
Stlth    ..........             H - +4 amulet of reflection
HPRegen  0.31/turn              j - ring of magical power
MPRegen  0.22/turn              J - +3 ring of strength

@: very slightly contaminated
A: retaliatory headbutt, horns 2, clever 1, strong 1
a: Minor Destruction, Lesser Servant of Makhleb, Major Destruction, Greater
Servant of Makhleb, Renounce Religion


You were on level 4 of the Swamp.
You worshipped Makhleb.
Makhleb was exalted by your worship.
You were not hungry.

You visited 3 branches of the dungeon, and saw 20 of its levels.
You also visited: Sewer.

You collected 1136 gold pieces.

Inventory:

Hand Weapons
 a - a +1 short sword of distortion
   (You took it off Sonja on level 6 of the Lair of Beasts)
 B - a +7 battleaxe of flaming (weapon)
   (You took it off an orc warrior on level 6 of the Dungeon)
 M - a +0 broad axe
   (You found it on level 5 of the Lair of Beasts)
Missiles
 C - 3 throwing nets (quivered)
Armour
 c - a +0 shield
 g - a +3 chain mail of poison resistance (worn)
   (You found it on level 1 of the Dungeon)
 i - a +2 hat of intelligence (worn)
   (You took it off Gastronok on level 3 of the Lair of Beasts)
 k - a +1 chain mail of fire resistance
   (You found it on level 2 of the Lair of Beasts)
 y - a +2 pair of gloves (worn)
   (You found it on level 6 of the Dungeon)
 K - a +4 chain mail of positive energy
   (You found it on level 4 of the Lair of Beasts)
 O - a +0 pair of boots (worn)
   (You found it on level 5 of the Lair of Beasts)
Jewellery
 j - a ring of magical power (left hand)
   (You found it on level 2 of the Dungeon)
 x - an uncursed amulet of regeneration
   (You found it on level 1 of the Lair of Beasts)
 H - a +4 amulet of reflection (around neck)
   (You found it on level 3 of the Lair of Beasts)
 J - a +3 ring of strength (right hand)
   (You found it on level 4 of the Lair of Beasts)
Wands
 v - a wand of digging (3)
   (You found it on level 6 of the Lair of Beasts)
 E - a wand of enslavement (20)
   (You found it on level 7 of the Dungeon)
 L - a wand of paralysis (10)
   (You found it on level 4 of the Lair of Beasts)
 N - a wand of iceblast (8)
   (You found it on level 5 of the Lair of Beasts)
Scrolls
 b - a scroll of immolation
 n - 3 scrolls of vulnerability
 o - 2 scrolls of fog
 p - 4 scrolls of enchant armour
 r - 7 scrolls of identify
 t - 3 scrolls of teleportation
 w - 10 scrolls of remove curse
 z - 2 scrolls of blinking
 A - 2 scrolls of fear
 F - a scroll of torment {unknown}
 G - a scroll of magic mapping {unknown}
Potions
 d - 3 potions of might
 f - 4 potions of lignification
 h - 6 potions of haste
 l - 6 potions of brilliance
 m - 4 potions of berserk rage
 q - 7 potions of curing
 s - 3 potions of agility
 u - 4 potions of heal wounds
 D - a potion of mutation
 I - 3 potions of flight
Comestibles
 e - 21 rations
 P - 2 chunks of flesh


   Skills:
 + Level 13.7 Fighting
 - Level 18.0 Axes
 + Level 13.7 Armour
 + Level 9.3 Dodging
 - Level 6.1 Shields
 + Level 11.2 Invocations


You had 13 spell levels left.
You didn't know any spells.
Your spell library was empty.

Dungeon Overview and Level Annotations

Branches:
Dungeon (10/15)            Temple (0/1) D:4            Lair (6/6) D:9
  Swamp (4/4) Lair:3       Spider (0/4) Lair:2        Slime (0/5) Lair:5
    Orc (0/2) D:9           Sewer (visited)

Altars:
Fedhas
Makhleb
Jiyva

Annotations:
Lair:5 1 runed translucent door


Innate Abilities, Weirdness & Mutations

You reflexively headbutt those who attack you in melee.
You have a pair of horns on your head.
Your mind is acute. (Int +2)
Your muscles are strong. (Str +2)


Message History

The thorn hunter is severely damaged.
You slash the swamp drake! You burn the swamp drake.
You kill the swamp drake!
Makhleb accepts your kill.
You feel better.
The spriggan druid calls out to the beasts of the wild!
The thorn hunter gestures.
Thorny briars emerge from the ground!
You hit the thorn hunter but do no damage.
The thorn hunter is severely damaged.
You chop one of the four-headed hydra's heads off!
The flame cauterises the wound!
You slash the three-headed hydra! You burn the three-headed hydra.
The three-headed hydra bites you.
* * * LOW HITPOINT WARNING * * *
The three-headed hydra bites you but does no damage.
The three-headed hydra bites you!
* * * LOW HITPOINT WARNING * * *
The thorn hunter fires a volley of thorns at you.
The volley of thorns hits you!
You die...

≈≈.≈.. ♣.≈..≈♣♣♣♣ #####
♣≈.≈....♣
###Pφ.###♣.≈≈≈≈≈♣
##%.%.%..##♣≈≈≈≈.♣
#.%.......##≈≈...♣
#.!.%%..%.# ♣≈.<♣♣♣♣♣
#%.!...%..##♣†..≈≈≈.♣
##.%.@†%.###≈≈♣°≈≈≈.♣ ≈≈
#.†.Df..#♣♣≈♣♣≈≈...♣
.♣≈≈##)%i..##..≈♣♣♣♣♣♣♣♣
.≈≈w♣##.%t##♣≈♣♣♣
♣.PPtP##w##☼≈≈♣
≈≈♣.if§.≈.§○♣♣♣
..D?PP≈♣≈♣☼♣♣
≈§..PPP..♣♣♣ ♣.≈"..%[†♣♣


You could see a thorn hunter, an alligator, a three-headed hydra, a spriggan
druid and a swamp worm.

Vanquished Creatures
  Gastronok (Lair:3)
  Snorg (Lair:3)
  Harold (Lair:1)
  14 hydras
  4 catoblepae (Lair:6)
  2 ghost crabs
  2 shambling mangroves
  A two-headed ogre (D:8)
  7 alligators
  5 death yaks (Lair:6)
  Nergalle (Lair:3)
  Sonja (Lair:6)
  Urug (Lair:2)
  2 spriggan druids (Swamp:2)
  Pikel (D:7)
  10 swamp dragons
  An ugly thing (D:9)
  A moth of wrath (Lair:4)
  2 manticores (Lair:6)
  23 elephants
  5 black mambas
  A torpor snail (Lair:2)
  5 komodo dragons
  13 spiny frogs
  A demonic crawler (Lair:4)
  2 rime drakes
  A polar bear (Lair:4)
  2 tyrant leeches (Swamp:2)
  6 hornets
  4 bog bodies
  8 blink frogs
  3 hippogriffs
  2 shadows
  40 yaks
  2 basilisks
  Menkaure (D:7)
  8 swamp worms
  9 insubstantial wisps (Swamp:1)
  An acid dragon (D:9)
  15 water moccasins
  6 porcupines
  5 orc warriors
  11 swamp drakes
  4 phantoms
  2 ice beasts (D:6)
  11 wolves (Lair:5)
  An ogre (D:8)
  A centaur (D:7)
  12 crocodiles
  A big kobold (Sewer)
  12 bullfrogs
  2 gnoll sergeants (D:9)
  3 scorpions
  A water moccasin skeleton (D:6)
  5 wights (D:7)
  4 howler monkeys
  A jelly (D:7)
  3 centaur zombies
  2 crimson imps
  A bullfrog zombie (D:7)
  4 orc priests
  A centaur skeleton (D:5)
  A gnoll shaman (D:9)
  2 hounds
  9 orc wizards
  An iguana (D:9)
  6 worker ants
  A hound zombie (D:9)
  A hound skeleton (D:4)
  Robin (D:4)
  13 gnolls (D:9)
  4 river rats
  14 adders
  3 shadow imps
  2 oozes
  2 adder skeletons
  3 worms
  3 dart slugs
  3 leopard geckos
  26 orcs
  7 giant cockroaches
  21 goblins
  12 hobgoblins
  6 jackals
  24 kobolds
  3 quokkas
  6 ball pythons
  4 bats
  8 frilled lizards
  A leopard gecko skeleton (D:7)
  28 rats
  2 briar patches (Swamp:4)
  A bush (Lair:4)
  A fungus (Lair:6)
  4 plants (Lair:6)
526 creatures vanquished.

Vanquished Creatures (others)
  A hydra (Swamp:4)
  A spriggan druid (Swamp:4)
  An insubstantial wisp (Swamp:1)
  5 briar patches (Swamp:4)
  20 fungi
  43 plants
71 creatures vanquished.

Grand Total: 597 creatures vanquished

Notes
Turn   | Place    | Note
-------+----------+-------------------------------------------
     0 | D:1      | Flugslaktarn the Minotaur Fighter began the quest for the
                  | Orb.
     0 | D:1      | Reached XP level 1. HP: 19/19 MP: 0/0
   148 | D:1      | Reached XP level 2. HP: 27/27 MP: 1/1
   198 | D:1      | Reached skill level 3 in Axes
   420 | D:1      | Reached XP level 3. HP: 33/33 MP: 2/2
   982 | D:2      | Reached XP level 4. HP: 40/40 MP: 3/3
  1228 | D:2      | Reached skill level 4 in Axes
  1997 | D:3      | Found a burning altar of Makhleb.
  2098 | D:3      | Became a worshipper of Makhleb the Destroyer
  2120 | D:4      | Reached XP level 5. HP: 46/47 MP: 4/4
  2236 | D:4      | Noticed Robin
  2256 | D:4      | Killed Robin
  2544 | D:4      | Found a staircase to the Ecumenical Temple.
  2791 | D:5      | Entered Level 5 of the Dungeon
  2819 | D:5      | Reached skill level 5 in Axes
  2819 | D:5      | Reached skill level 1 in Invocations
  2819 | D:5      | Reached XP level 6. HP: 46/53 MP: 5/5
  2820 | D:5      | Reached * piety under Makhleb
  3208 | D:5      | Found a glowing drain.
  3212 | Sewer    | Entered a sewer
  3316 | Sewer    | Reached skill level 5 in Fighting
  3316 | Sewer    | Reached skill level 5 in Armour
  3316 | Sewer    | Reached skill level 5 in Shields
  3361 | Sewer    | Reached ** piety under Makhleb
  3521 | Sewer    | Reached XP level 7. HP: 61/61 MP: 7/7
  3926 | D:5      | Reached skill level 6 in Axes
  4584 | D:6      | Reached skill level 7 in Axes
  4584 | D:6      | Reached XP level 8. HP: 70/70 MP: 9/9
  4624 | D:6      | Reached *** piety under Makhleb
  4984 | D:7      | Reached skill level 1 in Dodging
  4992 | D:7      | Reached skill level 8 in Axes
  5393 | D:7      | Reached XP level 9. HP: 78/78 MP: 11/11
  5393 | D:7      | Noticed Menkaure
  5400 | D:7      | Killed Menkaure
  5400 | D:7      | Reached skill level 9 in Axes
  5635 | D:7      | Noticed Pikel
  5659 | D:7      | Killed Pikel
  5906 | D:8      | Noticed a two-headed ogre
  5910 | D:8      | Killed a two-headed ogre
  5910 | D:8      | Reached skill level 10 in Axes
  5910 | D:8      | Reached skill level 5 in Invocations
  6118 | D:8      | Reached **** piety under Makhleb
  6392 | D:9      | Reached XP level 10. HP: 88/88 MP: 13/13
  6402 | D:9      | Reached skill level 11 in Axes
  6632 | D:9      | Found a blossoming altar of Fedhas.
  6899 | D:9      | Noticed a purple ugly thing
  6902 | D:9      | Found a staircase to the Lair.
  6907 | D:9      | Killed a purple ugly thing
  6995 | D:9      | Found a staircase to the Orcish Mines.
  7017 | D:9      | Reached skill level 12 in Axes
  7169 | D:10     | Entered Level 10 of the Dungeon
  7247 | Lair:1   | Entered Level 1 of the Lair of Beasts
  7303 | Lair:1   | Noticed Harold
  7315 | Lair:1   | Killed Harold
  7489 | Lair:1   | Reached ***** piety under Makhleb
  7489 | Lair:1   | Reached XP level 11. HP: 97/97 MP: 15/15
  7888 | Lair:2   | Noticed a seven-headed hydra
  7897 | Lair:2   | Killed a two-headed hydra
  8056 | Lair:2   | Reached skill level 10 in Fighting
  8056 | Lair:2   | Reached skill level 13 in Axes
  8059 | Lair:2   | Reached skill level 10 in Armour
  8692 | Lair:2   | Found a hole to the Spider Nest.
  8963 | Lair:2   | Noticed Urug
  8972 | Lair:2   | Killed Urug
  9273 | Lair:3   | Found a staircase to the Swamp.
  9281 | Lair:3   | Noticed Gastronok
  9566 | Lair:3   | Killed Gastronok
  9566 | Lair:3   | Reached skill level 14 in Axes
  9566 | Lair:3   | Reached XP level 12. HP: 29/108 MP: 17/17
  9580 | Lair:3   | Noticed a five-headed hydra
  9688 | Lair:3   | Killed a one-headed hydra
  9748 | Lair:3   | Noticed Snorg
  9758 | Lair:3   | Killed Snorg
 10040 | Lair:3   | Gained mutation: Your muscles are strong. (Str +2) [potion
                  | of mutation]
 10040 | Lair:3   | Gained mutation: Your mind is acute. (Int +2) [potion of
                  | mutation]
 10057 | Lair:3   | Noticed Nergalle
 10066 | Lair:3   | Killed Nergalle
 10166 | Lair:3   | You fall into a shaft and drop 1 floor!
 10211 | Lair:4   | Noticed a seven-headed hydra
 10220 | Lair:4   | Killed a three-headed hydra
 10443 | Lair:4   | Reached skill level 5 in Dodging
 10672 | Lair:4   | Reached skill level 15 in Axes
 11402 | Lair:5   | Noticed a six-headed hydra
 11408 | Lair:5   | Killed a two-headed hydra
 11479 | Lair:5   | Reached XP level 13. HP: 117/117 MP: 19/19
 11631 | Lair:5   | Found a viscous altar of Jiyva.
 11632 | Lair:5   | Found a runed translucent door.
 11632 | Lair:5   | Noticed an acid blob
 11632 | Lair:5   | Noticed an acid blob
 11634 | Lair:5   | Found a staircase to the Slime Pits.
 11634 | Lair:5   | Noticed an acid blob
 12218 | Lair:6   | Entered Level 6 of the Lair of Beasts
 12333 | Lair:6   | Reached skill level 16 in Axes
 12484 | Lair:6   | Reached skill level 10 in Invocations
 12924 | Lair:6   | Reached ****** piety under Makhleb
 12984 | Lair:6   | Reached XP level 14. HP: 127/127 MP: 20/20
 13303 | Lair:6   | Noticed Sonja
 13331 | Lair:6   | Killed Sonja
 13533 | Swamp:1  | Entered Level 1 of the Swamp
 13547 | Swamp:1  | Reached skill level 17 in Axes
 14002 | Swamp:2  | Paralysed by a hornet for 2 turns
 14361 | Swamp:4  | Entered Level 4 of the Swamp
 14425 | Swamp:4  | Reached skill level 18 in Axes
 14428 | Swamp:4  | Noticed a thorn hunter
 14456 | Swamp:4  | HP: 4/130 [three-headed hydra (9)]
 14456 | Swamp:4  | Killed from afar by a thorn hunter

Levels and vault maps discovered:
D:1:      minmay_arrival_three_doors, layout_basic
D:2:      cheibrodos_greedy_goblins, layout_basic, kennysheep_generic_room_14
D:3:      layout_loops_ring, lemuel_doored_altar
D:4:      layout_cave_pools, minmay_temple_entry_enclosed_plants, uniq_robin
D:5:      layout_loops_ring, gup_sewer_entry_spiral, first_ration,
          chequers_serial_rivers_small_b, serial_park_tiny_pond
D:6:      layout_basic
D:7:      cheibrodos_barr_body, layout_basic, minmay_stone_trees_small,
          uniq_pikel, uniq_menkaure
D:8:      layout_basic
D:9:      layout_big_octagon, david_lair_shrubbed, orc_0_dummy, basic_altar
D:10:     layout_gridville, gammafunk_ghost_spectres, hangedman_pestilent_swarm
Lair:1:   layout_cave_shapes, grunt_megastairs_2, uniq_harold
Lair:2:   layout_cave_pods, nicolae_spider_entry_non_spiders,
          serial_bayou_pond_c, uniq_urug
Lair:3:   layout_layer_cave, skrybe_swamp_entry_bodies, uniq_snorg,
          uniq_gastronok, uniq_nergalle
Lair:4:   layout_roguey, worms_lemuel
Lair:5:   layout_layer_cave, slime_altar_2, lemuel_fruit_fields,
          grunt_megastairs_4
Lair:6:   evilmike_catoblepas_cave, layout_long_grid, serial_bayou_shore_a,
          uniq_sonja
Swamp:1:  layout_falls_marsh, ebering_ghost_rock_garden, serial_swamp_ruin,
          evilmike_swamp_ruin_house_3, evilmike_swamp_ruin_rubble_1, swamp_pool1
Swamp:2:  layout_basic_swamp, evilmike_swamp_ruin_house_5,
          infiniplex_staircase_pool_2
Swamp:3:  layout_basic_swamp, infiniplex_staircase_pool, uniq_roxanne
Swamp:4:  swamp, layout_basic_swamp

Skill      XL: |  1  2  3  4  5  6  7  8  9 10 11 12 13 14 |
---------------+-------------------------------------------+-----
Axes           | 3 4 5 7 8 10 12 14 15 16 18 | 18.0
Shields        | 4 5 6 |  6.1
Fighting       | 4 5 6 8 9 10 11 12 13 | 13.7
Armour         | 4 5 6 8 9 10 11 12 13 | 13.7
Invocations    | 1 2 4 5 6 8 9 10 11 | 11.2
Dodging        | 1 3 5 7 9 |  9.3

Action                   |  1- 3 |  4- 6 |  7- 9 | 10-12 | 13-15 || total
-------------------------+-------+-------+-------+-------+-------++-------
Melee: War axe           |    77 |   246 |    55 |       |       ||   378
       Headbutt          |    16 |    39 |    32 |    75 |    76 ||   238
       Battleaxe         |       |       |   133 |   343 |   367 ||   843
Evoke: Wand              |       |       |       |     3 |       ||     3
  Use: Scroll            |       |       |       |    24 |     4 ||    28
       Potion            |       |       |       |     5 |       ||     5
 Stab: Petrified         |       |       |       |       |     7 ||     7
       Petrifying        |       |       |       |       |     1 ||     1
  Eat: Chunk             |       |     9 |     6 |    14 |     9 ||    38
       Ration            |       |       |     1 |     1 |       ||     2
Armor: Chain mail        |    46 |   117 |    96 |   271 |   214 ||   744
       Scale mail        |     2 |       |       |       |       ||     2
Dodge: Dodged            |    13 |    56 |    67 |   191 |   202 ||   529
Block: Shield            |    40 |   149 |    25 |       |       ||   214
       Other             |       |       |       |    21 |    66 ||    87
       Reflection        |       |       |       |       |     1 ||     1
